 Dungeon Crawl Stone Soup version 0.23-a0-456-gc514d67198 (webtiles) character file.

48 Hercules1031 the Shield-Bearer (level 3, -3/35 HPs)
             Began as a Gnoll Fighter on Nov 24, 2018.
             Succumbed to kobold's curare-tipped needle
             ... on level 3 of the Dungeon.
             The game lasted 00:04:00 (1324 turns).

Hercules1031 the Shield-Bearer (Gnoll Fighter)      Turns: 1324, Time: 00:04:01

Health: -3/35      AC: 10    Str: 17 (19) XL:     3   Next: 72%
Magic:  4/4        EV:  6    Int:  8 (10) God:
Gold:   74         SH: 10    Dex: 14 (17) Spells: 3/3 levels left

rFire    . . .     SeeInvis .   a - +0 war axe
rCold    . . .     Gourm    .   c - +0 shield
rNeg     . . .     Faith    .   i - +0 chain mail
rPois    .         Spirit   .   (no helmet)
rElec    .         Reflect  .   (no cloak)
rCorr    .         Harm     .   (no gloves)
MR       .....                  (no boots)
Stlth    ..........             (no amulet)
HPRegen  0.11/turn              e - +3 ring of dexterity
MPRegen  0.09/turn              (no ring)

@: lethally poisoned (-3 -> -35), slowed, very slow
A: distributed training, fangs 1, strong nose
a: no special abilities


You were on level 3 of the Dungeon.
You were full.

You visited 1 branch of the dungeon, and saw 3 of its levels.

You collected 74 gold pieces.

Inventory:

Hand Weapons
 a - a +0 war axe (weapon)
Armour
 b - a +0 scale mail
 c - a +0 shield (worn)
 i - a +0 chain mail (worn)
Jewellery
 e - a +3 ring of dexterity (left hand)
Scrolls
 g - 4 scrolls of teleportation {unknown}
 h - a scroll of remove curse {unknown}
 k - a scroll of amnesia {unknown}
Potions
 d - a potion of might
Comestibles
 f - 3 rations


   Skills:
 + Level 6.5 Fighting
 + Level 0.9 Short Blades
 + Level 0.9 Long Blades
 + Level 4.5 Axes
 + Level 0.9 Maces & Flails
 + Level 0.9 Polearms
 + Level 0.9 Staves
 + Level 0.9 Slings
 + Level 0.9 Bows
 + Level 0.9 Crossbows
 + Level 0.9 Throwing
 + Level 6.5 Armour
 + Level 0.9 Dodging
 + Level 0.9 Stealth
 + Level 6.5 Shields
 + Level 0.9 Unarmed Combat
 + Level 0.9 Spellcasting
 + Level 0.6 Conjurations
 + Level 0.6 Hexes
 + Level 0.6 Charms
 + Level 0.6 Summonings
 + Level 0.6 Necromancy
 + Level 0.6 Translocations
 + Level 0.6 Transmutations
 + Level 0.6 Fire Magic
 + Level 0.6 Ice Magic
 + Level 0.6 Air Magic
 + Level 0.6 Earth Magic
 + Level 0.6 Poison Magic
 + Level 1.0 Invocations
 + Level 0.9 Evocations


You had 3 spell levels left.
You didn't know any spells.
Your spell library was empty.

Dungeon Overview and Level Annotations

Branches:
Dungeon (3/15)

Altars:
Uskayaw

Annotations:
D:3 nawrastar's ghost, amateur MfSk


Innate Abilities, Weirdness & Mutations

Your experience applies equally to all skills.
You have very sharp teeth.
Your uncanny sense of smell can sniff out nearby items.


Message History

The kobold shoots a curare-tipped needle.
The curare-tipped needle hits you.
You are more poisoned.
You have difficulty breathing.
You feel as though you will be slow longer.
You see here 2 curare-tipped needles.
Okay, then.
* * * LOW HITPOINT WARNING * * *
You feel very sick.
Nawrastar's ghost turns its malevolent gaze towards you.
Nawrastar's ghost ripples.
The kobold unwields a +0 blowgun.
The kobold barely misses you.
You hit the kobold. You bite the kobold, but do no damage.
The kobold is severely wounded.
* * * LOW HITPOINT WARNING * * *
You feel very sick. The kobold closely misses you.
You block the kobold's attack.
You closely miss the kobold. You bite the kobold.
You kill the kobold!
You die...

## #.##. #.. ..# ..#.
#.# #.# ... #.# #.# #
..# #.. #.# .. #..
######.# #.# ... #..
...##.#####.#
##.5#.)#####.##.......##
#.W5#..@........##.....#
..#5##.(####.#####.###.#
#..####.# #.# #..
#.((....# #.###.#
#...###### #.....#
#...#.# ###.###
....###.# ####.# ####
... #....# ... #.####


You could see 3 quasits and nawrastar's ghost.

Vanquished Creatures
  An adder (D:3)
  A dart slug (D:1)
  3 leopard geckos
  3 bats
  5 goblins (D:1)
  4 hobgoblins
  A quokka (D:2)
  2 frilled lizards (D:1)
  5 kobolds
  11 rats
36 creatures vanquished.

Notes
Turn   | Place    | Note
-------+----------+-------------------------------------------
     0 | D:1      | Hercules1031 the Gnoll Fighter began the quest for the Orb.
     0 | D:1      | Reached XP level 1. HP: 23/23 MP: 1/1
    97 | D:1      | Reached XP level 2. HP: 29/29 MP: 2/2
   327 | D:1      | Reached XP level 3. HP: 22/35 MP: 3/3
   731 | D:2      | Found a hide-covered altar of Uskayaw.
  1068 | D:3      | Reached skill level 1 in Invocations
  1322 | D:3      | Noticed nawrastar's ghost (amateur MfSk)
  1324 | D:3      | Succumbed to kobold's curare-tipped needle

Vault maps used:
D:1:      dpeg_arrival_pits, fountainhead, corexii_leaking_fountain
D:2:      overflow_temple_1_default
D:3:      first_ration, gammafunk_ghost_stat_death, minmay_misc_feat_square,
          minmay_misc_feat_nine_boxes, chequers_jeans

Skill      XL: |  1  2  3 |
---------------+----------+-----
Invocations    | 1 |  1.0
Fighting       | |  6.5
Short Blades   | |  0.9
Long Blades    | |  0.9
Axes           | |  4.5
Maces & Flails | |  0.9
Polearms       | |  0.9
Staves         | |  0.9
Slings         | |  0.9
Bows           | |  0.9
Crossbows      | |  0.9
Throwing       | |  0.9
Armour         | |  6.5
Dodging        | |  0.9
Stealth        | |  0.9
Shields        | |  6.5
Unarmed Combat | |  0.9
Spellcasting   | |  0.9
Conjurations   | |  0.6
Hexes          | |  0.6
Charms         | |  0.6
Summonings     | |  0.6
Necromancy     | |  0.6
Translocations | |  0.6
Transmutations | |  0.6
Fire Magic     | |  0.6
Ice Magic      | |  0.6
Air Magic      | |  0.6
Earth Magic    | |  0.6
Poison Magic   | |  0.6
Evocations     | |  0.9

Action                   || total
-------------------------++-------
Melee: War axe           ||    88
       Bite              ||    11
  Use: Scroll            ||     1
       Potion            ||     3
  Eat: Ration            ||     2
Armor: Scale mail        ||    32
       Chain mail        ||     9
Dodge: Dodged            ||    22
Block: Shield            ||    54

Table legend:
 A = Non-vault XP
 B = Vault XP
 C = Vault XP percentage of total XP
 D = Non-vault monster count
 E = Vault monster count
 F = Vault count percentage of total count
                 A         B        C        D         E       F
            +---------+---------+-------+---------+---------+-------
      Total |      69 |       0 |   0.0 |      36 |       0 |   0.0
            +---------+---------+-------+---------+---------+-------
        D:1 |      39 |       0 |   0.0 |      24 |       0 |   0.0
        D:2 |      15 |       0 |   0.0 |       9 |       0 |   0.0
        D:3 |      15 |       0 |   0.0 |       3 |       0 |   0.0
            +---------+---------+-------+---------+---------+-------
